3AA
RICHLAND RAILS @ SAN BERNARDINO GRASSHOPPERS
08/30/2027
 
TOP OF THE 1ST
Richland Rails batting - Pitching for San Bernardino Grasshoppers : RHP Delmar Llerena
Pitching: RHP Delmar Llerena
Batting: RHB Fernando Granados 0-0: Called Strike
0-1: Ball
1-1: Ball
2-1: Foul Ball, location: 2F
2-2: DOUBLE (Flyball, 89D)
Batting: LHB Armando Peña 0-0: Called Strike
0-1: Ball
1-1: Fly out, F7 (Flyball, 78S)
Batting: RHB Michael Bradshaw 0-0: Called Strike
0-1: Ball
1-1: Ball
2-1: Ball
3-1: SINGLE (Groundball, 4D)
Fernando Granados to third
Batting: SHB Pablo Coloa 0-0: Ball
1-0: Swinging Strike
1-1: Ball
2-1: SINGLE (Flyball, 89S)
Fernando Granados scores
Michael Bradshaw to second
Throwing error, E9
Michael Bradshaw scores
Pablo Coloa to second
Batting: RHB Kazu Hishida 0-0: Ball
1-0: Called Strike
1-1: Ball
2-1: Foul Ball, location: 2F
2-2: SINGLE (Groundball, 34D)
Pablo Coloa to third
Runner from 3rd tries for Home, SAFE, no throw
Batting: RHB Christian Gentry 0-0: Foul Ball, location: 2F
0-1: Fielders Choice at 2nd, 6-4 (Groundball, 56)
Batting: RHB Quigley Gibson 0-0: Called Strike
0-1: Ball
1-1: Ball
2-1: Fielders Choice at 2nd, 6-4 (Groundball, 6)
Top of the 1st over - 3 run(s), 4 hit(s), 1 error(s), 0 left on base; Richland 3 - San Bernardino 0
BOTTOM OF THE 1ST
San Bernardino Grasshoppers batting - Pitching for Richland Rails : RHP Hartmann Riedman
Pitching: RHP Hartmann Riedman
Now at SS: Kenny Rush
Batting: RHB Jorge Estrada 0-0: Called Strike
0-1: Ball
1-1: Foul Ball, location: 2F
1-2: Ball
2-2: Foul Ball, location: 2F
2-2: Foul Ball, location: 2F
2-2: Ball
3-2: Foul Ball, location: 2F
3-2: Foul Ball, location: 2F
3-2: Foul Ball, location: 2F
3-2: Ground out 5-3 (Groundball, 56)
Batting: RHB Martín Placido 0-0: Called Strike
0-1: Ball
1-1: Ball
2-1: Called Strike
2-2: Foul Ball, location: 2F
2-2: Strikes out swinging
Batting: RHB Mario Álvarez 0-0: Called Strike
0-1: Called Strike
0-2: Foul Ball, location: 2F
0-2: Ball
1-2: Ground out 5-3 (Groundball, 25)
Bottom of the 1st over - 0 run(s), 0 hit(s), 0 error(s), 0 left on base; Richland 3 - San Bernardino 0
TOP OF THE 2ND
Richland Rails batting - Pitching for San Bernardino Grasshoppers : RHP Delmar Llerena
Batting: RHB Lee Faught 0-0: Called Strike
0-1: Ball
1-1: Swinging Strike
1-2: Ball
2-2: Foul Ball, location: 2F
2-2: Ball
3-2: Foul Ball, location: 2F
3-2: Foul Ball, location: 2F
3-2: Foul Ball, location: 2F
3-2: Strikes out swinging
Batting: RHB Miguel Luna 0-0: Fly out, F9 (Flyball, 9)
Batting: RHB Fernando Granados 0-0: Foul Ball, location: 2F
0-1: Fly out, F9 (Line Drive, 89M)
Top of the 2nd over - 0 run(s), 0 hit(s), 0 error(s), 0 left on base; Richland 3 - San Bernardino 0
BOTTOM OF THE 2ND
San Bernardino Grasshoppers batting - Pitching for Richland Rails : RHP Hartmann Riedman
Batting: SHB Mario Domondón 0-0: Ball
1-0: Foul Ball, location: 2F
1-1: Ball
2-1: Foul Ball, location: 2F
2-2: Strikes out swinging
Batting: RHB Edgardo Bello 0-0: Called Strike
0-1: Ball
1-1: Ball
2-1: Ground out 6-3 (Groundball, 6M)
Batting: RHB José Urruticodez 0-0: DOUBLE (Flyball, 8RXD)
Batting: RHB Alwin Vreekamp 0-0: Ground out 1-3 (Groundball, 13)
Bottom of the 2nd over - 0 run(s), 1 hit(s), 0 error(s), 1 left on base; Richland 3 - San Bernardino 0
TOP OF THE 3RD
Richland Rails batting - Pitching for San Bernardino Grasshoppers : RHP Delmar Llerena
Batting: LHB Armando Peña 0-0: Ground out 6-3 (Groundball, 6)
Batting: RHB Michael Bradshaw 0-0: SINGLE (Groundball, 34D)
Batting: SHB Pablo Coloa 0-0: Ball
Michael Bradshaw steals 2nd base
1-0: Called Strike
1-1: Ball
2-1: Ball
3-1: Foul Ball, location: 2F
3-2: Foul Ball, location: 2F
3-2: SINGLE (Line Drive, 4D)
Michael Bradshaw to third
Batting: RHB Kenny Rush 0-0: Foul Ball, location: 2F
0-1: Swinging Strike
0-2: Ball
1-2: Strikes out swinging
Pablo Coloa steals 2nd base
Batter strikes out.
Batting: RHB Christian Gentry 0-0: Ball
1-0: Ball
2-0: Called Strike
2-1: Ball
3-1: Base on Balls
Batting: RHB Quigley Gibson 0-0: Foul Ball, location: 2F
0-1: Called Strike
0-2: Foul Ball, location: 2F
0-2: Foul Ball, location: 2F
0-2: Strikes out swinging
Top of the 3rd over - 0 run(s), 2 hit(s), 0 error(s), 3 left on base; Richland 3 - San Bernardino 0
BOTTOM OF THE 3RD
San Bernardino Grasshoppers batting - Pitching for Richland Rails : RHP Hartmann Riedman
Batting: SHB Noel King 0-0: Ball
1-0: Called Strike
1-1: Ball
2-1: Ball
3-1: Called Strike
3-2: Foul Ball, location: 2F
3-2: Base on Balls
Batting: RHB Francisco Rodríguez 0-0: Called Strike
0-1: Ball
1-1: Foul Ball, location: 2F
1-2: SINGLE (Groundball, 4MD)
Noel King to second
Runner from 2nd tries for 3rd, SAFE, throw made to third
Batting: RHB Jorge Estrada 0-0: Called Strike
0-1: Ground out 6-3 (Groundball, 6S)
Noel King scores
Francisco Rodríguez to second
Batting: RHB Martín Placido 0-0: Foul Ball, location: 2F
0-1: Ball
1-1: Ball
2-1: Fly out, F9 (Flyball, 9LS)
Batting: RHB Mario Álvarez 0-0: Called Strike
0-1: Called Strike
0-2: Ball
1-2: Ball
Wild Pitch!
Francisco Rodríguez to third
2-2: Strikes out looking
Bottom of the 3rd over - 1 run(s), 1 hit(s), 0 error(s), 1 left on base; Richland 3 - San Bernardino 1
TOP OF THE 4TH
Richland Rails batting - Pitching for San Bernardino Grasshoppers : RHP Delmar Llerena
Batting: RHB Lee Faught 0-0: Called Strike
0-1: SINGLE (Groundball, 34D)
Batting: RHB Miguel Luna 0-0: Ball
1-0: Foul Ball, location: 2F
1-1: Ball
2-1: Ball
3-1: Base on Balls
Lee Faught to second
Batting: RHB Fernando Granados 0-0: Ball
1-0: Foul Ball, location: 2F
1-1: Swinging Strike
1-2: Ball
2-2: Foul Ball, location: 2F
2-2: Strikes out looking
Batting: LHB Armando Peña 0-0: Ball
1-0: Ground out 6-3 (Groundball, 6MS)
Lee Faught to third
Miguel Luna to second
Batting: RHB Michael Bradshaw 0-0: Called Strike
0-1: Foul Ball, location: 2F
0-2: Ground out 4-3 (Groundball, 4)
Top of the 4th over - 0 run(s), 1 hit(s), 0 error(s), 2 left on base; Richland 3 - San Bernardino 1
BOTTOM OF THE 4TH
San Bernardino Grasshoppers batting - Pitching for Richland Rails : RHP Hartmann Riedman
Batting: SHB Mario Domondón 0-0: Swinging Strike
0-1: Called Strike
0-2: Foul Ball, location: 2F
0-2: Ball
1-2: SINGLE (Groundball, 34S) (infield hit)
Batting: RHB Edgardo Bello 0-0: Ball
1-0: Swinging Strike
1-1: Ball
2-1: Fly out, F7 (Flyball, 7D)
Batting: RHB José Urruticodez 0-0: Called Strike
0-1: Foul Ball, location: 2F
0-2: Ball
1-2: Ball
2-2: Ball
3-2: Foul Ball, location: 2F
3-2: Base on Balls
Mario Domondón to second
Batting: RHB Alwin Vreekamp 0-0: Ball
Mario Domondón steals 3rd base
José Urruticodez to second
1-0: Called Strike
1-1: Called Strike
1-2: SINGLE (Groundball, 56D)
Mario Domondón scores
José Urruticodez to third
Runner from 3rd tries for Home, SAFE, no throw
Batting: SHB Noel King 0-0: Ball
1-0: Fly out, F3 (Popup, 3L)
Batting: RHB Francisco Rodríguez 0-0: Ball
Pickoff Throw to First - Out!
Bottom of the 4th over - 2 run(s), 2 hit(s), 0 error(s), 0 left on base; Richland 3 - San Bernardino 3
TOP OF THE 5TH
Richland Rails batting - Pitching for San Bernardino Grasshoppers : RHP Delmar Llerena
Batting: SHB Pablo Coloa 0-0: Called Strike
0-1: Swinging Strike
0-2: Ball
1-2: Ball
2-2: Strikes out swinging
Batting: RHB Kenny Rush 0-0: Ball
1-0: Fly out, F9 (Flyball, 9S)
Batting: RHB Christian Gentry 0-0: SOLO HOME RUN (Flyball, 78XD), Distance : 413 ft
Batting: RHB Quigley Gibson 0-0: Ball
1-0: Called Strike
1-1: Called Strike
1-2: Strikes out swinging
Top of the 5th over - 1 run(s), 1 hit(s), 0 error(s), 0 left on base; Richland 4 - San Bernardino 3
BOTTOM OF THE 5TH
San Bernardino Grasshoppers batting - Pitching for Richland Rails : RHP Hartmann Riedman
Batting: RHB Francisco Rodríguez 0-0: Called Strike
0-1: Bunted foul
0-2: Fly out, F9 (Flyball, 9LMF)
Batting: RHB Jorge Estrada 0-0: Ball
1-0: Ground out 1-3 (Groundball, 15S)
Batting: RHB Martín Placido 0-0: Ball
1-0: Called Strike
1-1: Foul Ball, location: 2F
1-2: DOUBLE (Line Drive, 5D)
Batting: RHB Mario Álvarez 0-0: Ball
1-0: Called Strike
1-1: Reached on error, E6 (Groundball, 6)
Martín Placido to third
Pitching: RHP Bartolo Ramírez
Batting: SHB Mario Domondón 0-0: Ball
1-0: Ball
Wild Pitch!
Martín Placido scores
Mario Álvarez to second
2-0: TRIPLE (Flyball, 89XD)
Mario Álvarez scores
Batting: RHB Edgardo Bello 0-0: Ball
1-0: Ball
2-0: Ball
3-0: Called Strike
3-1: Base on Balls
Batting: RHB José Urruticodez 0-0: Ball
1-0: Ball
2-0: Called Strike
2-1: Ball
3-1: Base on Balls
Edgardo Bello to second
Batting: RHB Alwin Vreekamp 0-0: Foul Ball, location: 2F
0-1: Ball
1-1: Swinging Strike
1-2: Ball
2-2: Foul Ball, location: 2F
2-2: Ball
3-2: Ground out 1-3 (Groundball, 13S)
Bottom of the 5th over - 2 run(s), 2 hit(s), 1 error(s), 3 left on base; Richland 4 - San Bernardino 5
TOP OF THE 6TH
Richland Rails batting - Pitching for San Bernardino Grasshoppers : RHP Delmar Llerena
Batting: RHB Lee Faught 0-0: SINGLE (Line Drive, 7LS)
Batting: RHB Miguel Luna 0-0: Bunted foul
0-1: Bunted foul
0-2: SINGLE (Line Drive, 9S)
Lee Faught to second
Batting: RHB Fernando Granados 0-0: Ball
1-0: Sac Bunt - play at first, batter OUT! 1-4
Lee Faught to third
Miguel Luna to second
Batting: LHB Armando Peña 0-0: Ball
1-0: Called Strike
1-1: Foul Ball, location: 2F
1-2: Foul Ball, location: 2F
1-2: Ball
2-2: Ball
3-2: Base on Balls
Batting: RHB Michael Bradshaw 0-0: Swinging Strike
0-1: Foul Ball, location: 2F
0-2: Strikes out swinging
Batting: SHB Pablo Coloa 0-0: Called Strike
0-1: Fly out, F8 (Flyball, 8LD)
Top of the 6th over - 0 run(s), 2 hit(s), 0 error(s), 3 left on base; Richland 4 - San Bernardino 5
BOTTOM OF THE 6TH
San Bernardino Grasshoppers batting - Pitching for Richland Rails : RHP Bartolo Ramírez
Batting: SHB Noel King 0-0: Ball
1-0: Ball
2-0: Called Strike
2-1: Ball
3-1: Base on Balls
Batting: RHB Francisco Rodríguez 0-0: Sac Bunt - play at first, batter OUT! 1-4
Noel King to second
Batting: RHB Jorge Estrada 0-0: Ball
1-0: Ball
Noel King is caught stealing 3rd base
2-0: Ball
3-0: Called Strike
3-1: Ground out 5-3 (Groundball, 5)
Bottom of the 6th over - 0 run(s), 0 hit(s), 0 error(s), 0 left on base; Richland 4 - San Bernardino 5
TOP OF THE 7TH
Richland Rails batting - Pitching for San Bernardino Grasshoppers : RHP Delmar Llerena
Batting: RHB Kenny Rush 0-0: Ball
1-0: SINGLE (Line Drive, 4)
Pitching: RHP Hubert Dunham
Batting: RHB Christian Gentry 0-0: Reached on error, E5 (Groundball, 5S)
Kenny Rush to second
Batting: RHB Quigley Gibson 0-0: Foul Ball, location: 2F
0-1: Ball
1-1: Ball
2-1: Ball
3-1: Swinging Strike
3-2: Foul Ball, location: 2F
3-2: SINGLE (Groundball, 56D)
Kenny Rush to third
Christian Gentry to second
Runner from 3rd tries for Home, throw and OUT!
Pinch Hitting: LHB Orlando Casillas 0-0: Called Strike
0-1: Foul Ball, location: 2F
0-2: SINGLE (Line Drive, 6M)
Christian Gentry to third
Quigley Gibson to second
Pinch Hitting: SHB Jasper Otto 0-0: Ball
1-0: Foul Ball, location: 2F
1-1: Ball
2-1: Ball
3-1: SINGLE (Line Drive, 78S)
Christian Gentry scores
Quigley Gibson to third
Orlando Casillas to second
Pinch Hitting: LHB Valentín Salas 0-0: Ball
1-0: Called Strike
1-1: Swinging Strike
1-2: Ball
2-2: Ball
3-2: Foul Ball, location: 2F
3-2: Foul Ball, location: 2F
3-2: Fly out, F9 (Line Drive, 9)
Runner from 3rd tags up, OUT at HOME
Top of the 7th over - 1 run(s), 4 hit(s), 1 error(s), 2 left on base; Richland 5 - San Bernardino 5
BOTTOM OF THE 7TH
San Bernardino Grasshoppers batting - Pitching for Richland Rails : RHP Bartolo Ramírez
Now at 1B: Rubén Hernández
Now in LF: Valentín Salas
Now in CF: Júlio Hernández
Pinch Hitting: LHB Michael Nelson 0-0: Ball
1-0: Called Strike
1-1: Ball
2-1: Fly out, F8 (Flyball, 8RM)
Batting: RHB Mario Álvarez 0-0: Ball
1-0: Ground out 6-3 (Groundball, 6)
Batting: SHB Mario Domondón 0-0: Ball
1-0: Ball
2-0: Fly out, F4 (Popup, 4D)
Bottom of the 7th over - 0 run(s), 0 hit(s), 0 error(s), 0 left on base; Richland 5 - San Bernardino 5
TOP OF THE 8TH
Richland Rails batting - Pitching for San Bernardino Grasshoppers : RHP Hubert Dunham
Now in LF: Michael Nelson
Batting: LHB Armando Peña 0-0: Fly out, F9 (Flyball, 89M)
Batting: RHB Michael Bradshaw 0-0: Swinging Strike
0-1: Foul Ball, location: 2F
0-2: Ball
1-2: Ball
2-2: Foul Ball, location: 2F
2-2: Ground out 6-3 (Groundball, 6)
Batting: SHB Pablo Coloa 0-0: SINGLE (Line Drive, 56D)
Pinch Hitting: RHB Tan Bal 0-0: Ball
1-0: Ball
2-0: Swinging Strike
2-1: Ball
3-1: Foul Ball, location: 2F
3-2: Base on Balls
Pablo Coloa to second
Pinch Hitting: LHB Dave Watts 0-0: Called Strike
0-1: Foul Ball, location: 2F
0-2: Ball
1-2: Ball
2-2: Fielders Choice at 2nd, 4-6 (Groundball, 4)
Top of the 8th over - 0 run(s), 1 hit(s), 0 error(s), 1 left on base; Richland 5 - San Bernardino 5
BOTTOM OF THE 8TH
San Bernardino Grasshoppers batting - Pitching for Richland Rails : RHP Bartolo Ramírez
Now at SS: Enrique Martínez
Now in RF: Dave Watts
Batting: RHB Edgardo Bello 0-0: Called Strike
0-1: Called Strike
0-2: Foul Ball, location: 2F
0-2: Strikes out looking
Batting: RHB José Urruticodez 0-0: Ball
1-0: Ball
2-0: Ball
3-0: Base on Balls
Pinch Hitting: RHB José Ruíz 0-0: Ball
José Urruticodez is caught stealing 2nd base
1-0: Ground out 5-3 (Groundball, 56)
Bottom of the 8th over - 0 run(s), 0 hit(s), 0 error(s), 0 left on base; Richland 5 - San Bernardino 5
TOP OF THE 9TH
Richland Rails batting - Pitching for San Bernardino Grasshoppers : RHP Hubert Dunham
Pitching: LHP Héctor Valentín
Now at 1B: Pablo Alyala
Batting: RHB Quigley Gibson 0-0: Called Strike
0-1: Swinging Strike
0-2: Strikes out swinging
Batting: RHB Rubén Hernández 0-0: Called Strike
0-1: Foul Ball, location: 2F
0-2: Ball
1-2: Ground out 5-3 (Groundball, 56S)
Batting: RHB Júlio Hernández 0-0: Ground out 5-3 (Groundball, 56)
Top of the 9th over - 0 run(s), 0 hit(s), 0 error(s), 0 left on base; Richland 5 - San Bernardino 5
BOTTOM OF THE 9TH
San Bernardino Grasshoppers batting - Pitching for Richland Rails : RHP Bartolo Ramírez
Batting: SHB Noel King 0-0: Ball
1-0: Foul Ball, location: 2F
1-1: Ball
2-1: Ball
3-1: Called Strike
3-2: Foul Ball, location: 2F
3-2: Base on Balls
Pitching: LHP Roberto Guillén
Batting: RHB Francisco Rodríguez 0-0: Sac Bunt - play at first, batter OUT! 1-4
Noel King to second
Pinch Hitting: RHB Manuel García 0-0: Intentional Walk
Pinch Hitting: RHB Jaime López 0-0: Ball
1-0: Ball
2-0: Ground out 5-3 (Groundball, 56S)
Noel King to third
Manuel García to second
Batting: RHB Mario Álvarez 0-0: Ball
1-0: Foul Ball, location: 2F
1-1: Ball
2-1: Foul Ball, location: 2F
2-2: Fly out, F5 (Popup, 5D)
Bottom of the 9th over - 0 run(s), 0 hit(s), 0 error(s), 2 left on base; Richland 5 - San Bernardino 5
TOP OF THE 10TH
Richland Rails batting - Pitching for San Bernardino Grasshoppers : LHP Héctor Valentín
Now at 3B: Jaime López
Now in LF: Manuel García
Pinch Hitting: RHB Trent Burch 0-0: Foul Ball, location: 2F
0-1: Called Strike
0-2: Ball
1-2: Ball
2-2: Foul Ball, location: 2F
2-2: Strikes out looking
Pinch Hitting: RHB Armando Rodríguez 0-0: Fly out, F7 (Flyball, 7)
Batting: RHB Michael Bradshaw 0-0: Ball
1-0: Foul Ball, location: 2F
1-1: Ball
2-1: Called Strike
2-2: Foul Ball, location: 2F
2-2: Strikes out swinging
Top of the 10th over - 0 run(s), 0 hit(s), 0 error(s), 0 left on base; Richland 5 - San Bernardino 5
BOTTOM OF THE 10TH
San Bernardino Grasshoppers batting - Pitching for Richland Rails : LHP Roberto Guillén
Now at 3B: Ramón Cruz
Now in CF: Trent Burch
Pinch Hitting: RHB Roberto Ramírez 0-0: Ball
1-0: Fly out, F8 (Flyball, 8LD)
Batting: RHB Edgardo Bello 0-0: Called Strike
0-1: Ball
1-1: Fly out, F9 (Flyball, 89D)
Batting: RHB José Urruticodez 0-0: Ball
1-0: Foul Ball, location: 2F
1-1: Ground out 3-1 (Groundball, 34)
Bottom of the 10th over - 0 run(s), 0 hit(s), 0 error(s), 0 left on base; Richland 5 - San Bernardino 5
TOP OF THE 11TH
Richland Rails batting - Pitching for San Bernardino Grasshoppers : LHP Héctor Valentín
Pitching: LHP Alfredo Ruíz
Now at 3B: Roberto Ramírez
Batting: SHB Pablo Coloa 0-0: Ball
1-0: Foul Ball, location: 2F
1-1: Foul Ball, location: 2F
1-2: Strikes out swinging, 2-3 out at first.
Batting: RHB Enrique Martínez 0-0: Ball
1-0: Ball
2-0: Called Strike
2-1: SINGLE (Groundball, 6D)
Batting: LHB Dave Watts 0-0: Ball
1-0: Foul Ball, location: 2F
1-1: Ball
2-1: Ball
3-1: Fielders Choice at 2nd, 6-4 (Groundball, 6)
Batting: RHB Quigley Gibson 0-0: Foul Ball, location: 2F
0-1: SINGLE (Flyball, 8LS)
Dave Watts to second
Batting: RHB Rubén Hernández 0-0: Ball
1-0: Ball
2-0: Ball
3-0: Swinging Strike
3-1: Base on Balls
Dave Watts to third
Quigley Gibson to second
Batting: RHB Júlio Hernández 0-0: Foul Ball, location: 2F
0-1: Foul Ball, location: 2F
0-2: Ball
1-2: Foul Ball, location: 2F
1-2: Strikes out swinging
Top of the 11th over - 0 run(s), 2 hit(s), 0 error(s), 3 left on base; Richland 5 - San Bernardino 5
BOTTOM OF THE 11TH
San Bernardino Grasshoppers batting - Pitching for Richland Rails : LHP Roberto Guillén
Batting: RHB Pablo Alyala 0-0: Fly out, F2 (Popup, 25)
Pinch Hitting: SHB Roberto Córdova 0-0: Ball
1-0: Ball
2-0: Ball
3-0: Called Strike
3-1: Hit by Pitch
Batting: RHB Francisco Rodríguez 0-0: Fielders Choice at 2nd, 1-6 (Groundball, 13)
Batting: RHB Manuel García 0-0: Ball
Francisco Rodríguez steals 2nd base
1-0: Called Strike
1-1: Swinging Strike
1-2: DOUBLE (Line Drive, 8RXD)
Francisco Rodríguez scores
Saturday, May 26th, 2018 - OOTP Baseball 17.12 Build 75